 Dungeon Crawl Stone Soup version 0.31-a0-1549-g5ff9445e89 (webtiles) character file.

Game seed: 18119698119765911506

95068 SolCadguy the Geomancer (level 16, -12/105 HPs)
             Began as a Gargoyle Earth Elementalist on Dec 30, 2023.
             Was a High Priest of Vehumet.
             Mangled by a redback (21 damage)
             ... on level 3 of the Spider Nest on Jan 2, 2024.
             The game lasted 03:15:33 (34602 turns).

SolCadguy the Geomancer (GrEE)                     Turns: 34602, Time: 03:15:34

Health: -12/105    AC: 31    Str: 19    XL:     16   Next: 13%
Magic:  25/31      EV: 11    Int: 20    God:    Vehumet [*****.]
Gold:   3833       SH:  5    Dex: 10    Spells: 2/38 levels left

rFire   + . .        q - +1 dagger (venom)
rCold   . . .        n - +0 buckler
rNeg    + . .        J - +0 swamp dragon scales
rPois   ∞            P - +2 hat of Terror {Rampage rF+}
rElec   +            r - +0 cloak {Will+}
rCorr   .            w - +0 pair of gloves
SInv    .            x - +0 pair of boots
Will    ++...        N - amulet of regeneration
Stlth   +            k - +4 ring of protection
HPRegen 1.17/turn    F - ring "Cojalom" {Wiz rPois Str+3}
MPRegen 0.22/turn

%: rampage, wizardry (x1)
@: on berserk cooldown, flying, slowed, very slow
A: sickness immunity, AC +12, big wings, negative energy resistance 1,
electricity resistance, torment resistance 1, petrification resistance, talons 1
a: Renounce Religion


You were on level 3 of the Spider Nest.
You worshipped Vehumet.
Vehumet was extremely pleased with you.
You visited 6 branches of the dungeon, and saw 25 of its levels.

You collected 4039 gold pieces.
You spent 206 gold pieces at shops.

Inventory:

Hand Weapons
 p - the +6 sling "Ox" {flame, rN+ Str+3}
   (You found it on level 8 of the Dungeon)

   Str+3:     It affects your strength (+3).
   rN+:       It protects you from negative energy.
 q - a +1 dagger of venom (weapon)
 M - a +4 flail of holy wrath
Missiles
 c - a throwing net
 i - 5 silver javelins
 A - 21 poisoned darts (quivered)
Armour
 n - a +0 buckler (worn)
 r - a +0 cloak of willpower (worn)
 w - a +0 pair of gloves (worn)
 x - a +0 pair of boots (worn)
 J - +0 swamp dragon scales (worn)
 P - the +2 hat of Terror (worn) {Rampage rF+}
   (You found it on level 3 of the Lair of Beasts)

   rF+:       It protects you from fire.
   Rampage:   It bestows one free step when moving towards enemies.
Jewellery
 e - a ring of protection from cold
 k - a +4 ring of protection (left hand)
 F - the ring "Cojalom" (right hand) {Wiz rPois Str+3}
   (You found it on level 5 of the Lair of Beasts)

   [ring of wizardry]

   Wiz:       It improves your spell success rate.
   Str+3:     It affects your strength (+3).
   rPois:     It protects you from poison
 K - the ring of Dizenlur {^Contam rN+ Int+3 Dex+6}
   (You found it on level 9 of the Dungeon)

   [ring of dexterity]

   Int+3:     It affects your intelligence (+3).
   Dex+6:     It affects your dexterity (+6).
   rN+:       It protects you from negative energy.
   ^Contam:   It causes magical contamination when unequipped.
 L - an amulet of reflection
 N - an amulet of regeneration (around neck)
 O - a ring of see invisible
Wands
 j - a wand of roots (16)
 B - a wand of polymorph (9)
 I - a wand of quicksilver (11)
 Q - a wand of flame (6)
 T - a wand of digging (6)
 V - a wand of mindburst (12)
Scrolls
 a - 2 scrolls of immolation
 d - a scroll of enchant armour
 f - 3 scrolls of fog
 g - a scroll of enchant weapon
 l - a scroll of fear
 m - 2 scrolls of acquirement
 o - 8 scrolls of identify
 u - 4 scrolls of teleportation
 v - 6 scrolls of revelation
 W - a scroll of poison
 Y - 2 scrolls of blinking
Potions
 b - 2 potions of magic
 h - 3 potions of curing
 s - 2 potions of cancellation
 t - a potion of might
 D - a potion of haste
 E - 6 potions of brilliance
 X - a potion of berserk rage
Miscellaneous
 C - a tin of tremorstones (2/2)


   Skills:
 + Level 13.8 Fighting
 - Level 9.3 Maces & Flails
 - Level 7.0 Armour
 - Level 3.0 Dodging
 - Level 2.1 Stealth
 - Level 5.0 Shields
 + Level 11.5 Spellcasting
 + Level 12.4 Conjurations
 - Level 5.5 Summonings
 - Level 1.4 Translocations
 - Level 7.4 Fire Magic
 + Level 14.4 Earth Magic
 - Level 1.0 Alchemy


You had 2 spell levels left.
You knew the following spells:

 Your Spells              Type           Power      Damage    Failure   Level
a - Sandblast             Erth           100%       2d20      0%          1
b - Passwall              Erth           62%        N/A       1%          3
c - Stone Arrow           Conj/Erth      100%       3d13      1%          3
d - Starburst             Conj/Fire      25%        6d8       3%          6
e - Brom's Barrelling Bo  Conj/Erth      60%        2d8       1%          4
f - Foxfire               Conj/Fire      100%       2x1d9     1%          1
g - Lee's Rapid Deconstr  Erth           31%        3d16*     1%          5
h - Animate Armour        Summ/Erth      100%       N/A       1%          4
i - Dazzling Flash        Conj/Hex       72%        N/A       1%          3
j - Blink                 Tloc           34%        N/A       4%          2
k - Flame Wave            Conj/Fire      51%        2d13      1%          4

Your spell library contained the following spells:

 Spells                   Type           Power      Damage    Failure   Level
 Bombard                  Conj/Erth      30%        9d5       1%          6
 Sting                    Conj/Alch      100%       1d9       1%          1
 Summon Small Mammal      Summ           100%       N/A       1%          1
 Mercury Vapours          Alch/Air       26%        N/A       1%          2
 Momentum Strike          Conj/Tloc      78%        3d10      1%          2
 Apportation              Tloc           34%        N/A       2%          1
 Necrotise                Necr           44%        1d6       4%          1
 Slow                     Hex            44%        N/A       4%          1
 Lesser Beckoning         Tloc           34%        N/A       4%          2
 Call Canine Familiar     Summ           33%        N/A       1%          3
 Volatile Blastmotes      Fire/Tloc      58%        2d14      1%          3
 Iskenderun's Mystic Bla  Conj/Tloc      39%        2d9       1%          4
 Petrify                  Alch/Erth      42%        N/A       1%          4
 Fireball                 Conj/Fire      25%        3d11      1%          5
 Iskenderun's Battlesphe  Conj           57%        2d11      1%          5
 Irradiate                Conj/Alch      19%        3d18      2%          5
 Summon Blazeheart Golem  Fire/Summ      37%        N/A       3%          4
 Orb of Destruction       Conj           28%        9d9       6%          7
 Olgreb's Toxic Radiance  Alch           15%        N/A       8%          4
 Conjure Ball Lightning   Conj/Air       18%        3x3d6     13%         6
 Confusing Touch          Hex            11%        N/A       14%         3
 Sigil of Binding         Hex            11%        N/A       14%         3
 Tukima's Dance           Hex            11%        N/A       14%         3
 Vampiric Draining        Necr           11%        2d6       14%         3
 Summon Lightning Spire   Summ/Air       22%        N/A       16%         4
 Spellforged Servitor     Conj/Summ      23%        N/A       22%         7
 Dimensional Bullseye     Hex/Tloc       7%         N/A       32%         4
 Anguish                  Hex/Necr       5%         N/A       41%         4
 Cause Fear               Hex            5%         N/A       41%         4
 Maxwell's Capacitive Co  Air            5%         ∞         99%         8
 Enfeeble                 Hex            5%         N/A       100%        7
 Malign Gateway           Summ/Tloc      12%        N/A       100%        7
 Summon Horrible Things   Summ           16%        N/A       100%        8
 Sublimation of Blood     Necr           Unusable   N/A       N/A         2

Dungeon Overview and Level Annotations

Branches:
Dungeon (13/15)            Temple (1/1) D:7            Lair (5/5) D:8
  Swamp (1/4) Lair:3       Spider (3/4) Lair:2        Slime (0/5) Lair:4
    Orc (2/2) D:12            Elf (0/3) Orc:2
 Vaults: D:13-14

Altars:
Ashenzari
Cheibriados
Dithmenos
Elyvilon
Fedhas
Gozag
Hepliaklqana
Kikubaaqudgha
Makhleb
Nemelex Xobeh
Okawaru
Qazlal
Ru
Sif Muna
Trog
Uskayaw
Vehumet
Wu Jian
Xom
Yredelemnul
Zin
The Shining One

Shops:
D:8 [*[??   D:12 *   Orc:1 (   Orc:2 ***[

Annotations:
D:12 3 runed translucent doors, gribnar's ghost, journeyman MfIE
D:13 2 runed translucent doors, haplo13's ghost, journeyman MiFi


Innate Abilities, Weirdness & Mutations

You are immune to sickness and miasma.
Your stone body is resilient. (AC +12)
You are immune to poison.
Your large and strong wings let you fly.
You resist negative energy. (rN+)
You are resistant to electric shocks. (rElec)
You are resistant to unholy torment.
You are immune to petrification.
You have sharp toenails.


Message History

The redback bites you but does no damage.
The redback misses you. The redback bites you! The redback barely misses you.
You closely miss the redback.
The redback is severely wounded.
The redback barely misses you. The redback bites you. The redback bites you!!
The redback barely misses you. You block the redback's attack.
You puncture the redback!
The redback looks as sick as possible!
The redback is almost dead.
The redback bites you. You block the redback's attack.
The redback bites you but does no damage.
The redback bites you!
You hit the redback.
The redback is poisoned.
The redback is lightly wounded.
You kill the redback!
Vehumet accepts your kill.
You feel your power returning. The redback closely misses you. x2
The redback bites you!
* * * LOW HITPOINT WARNING * * *
The redback bites you!
* * * LOW HITPOINT WARNING * * *
You hit the redback.
The redback looks as sick as possible!
The redback is moderately wounded.
The redback barely misses you.
The redback bites you but does no damage.
The redback bites you!
* * * LOW HITPOINT WARNING * * *
The redback barely misses you.
You puncture the redback!
The redback is poisoned.
The redback is moderately wounded.
You block the redback's attack.
The redback bites you but does no damage.
You are too berserk!
You are no longer berserk.
You are exhausted.
You feel yourself slow down.
You see here a moth of wrath corpse.
You feel better. The redback bites you!!
* * * LOW HITPOINT WARNING * * *
The redback closely misses you. x2; The redback bites you!!
You die...

.....##..
...#.
.......). ...y
..... ...##...
#....# ......#
#...^. ..#..#
.....###.#..#
^#^ #(.((...#
.....#.s(.#.##
......ss@..>#
...#.[##...<#
## ###^## ###


You could see 3 redbacks.

Vanquished Creatures
  A spark wasp (Spider:1)
  6 hydras
  3 boulder beetles
  A radroach (Spider:2)
  A catoblepas (Lair:5)
  5 death yaks
  A two-headed ogre (D:12)
  5 orc high priests (Orc:2)
  2 tengu warriors (D:12)
  2 skysharks
  5 orb spiders
  2 steelbarb worms
  A lindwurm (Lair:5)
  Pikel (D:7)
  4 orc knights
  A cyclops (shapeshifter) (D:13)
  A cyclops (D:13)
  2 oklob plants (Lair:5)
  2 orc sorcerers
  10 wolf spiders
  4 manticores
  A moth of wrath (Spider:3)
  3 ugly things
  4 slime creatures
  3 black mambas
  2 kobold blastminers (Orc:1)
  3 torpor snails
  10 cane toads
  4 rime drakes
  An unseen horror (D:12)
  4 komodo dragons
  5 kobold demonologists
  Psyche (D:10)
  2 trolls
  A polar bear (Lair:4)
  Grinder (D:5)
  2 tarantellas (Spider:2)
  3 hornets (D:9)
  15 blink frogs
  8 jumping spiders
  4 culicivoras
  2 shadows
  2 wraiths
  Sigmund (D:6)
  21 yaks
  2 vampires
  2 basilisks
  4 wyverns
  24 redbacks
  8 vampire mosquitoes
  2 steam dragons
  3 wargs
  2 acid dragons
  17 water moccasins
  Duvessa (D:7)
  26 orc warriors
  3 black bears
  4 sky beasts
  5 centaurs
  3 ogres
  4 wolves (Lair:4)
  2 phantoms
  5 kobold brigands
  4 bullfrogs
  A gnoll sergeant (D:10)
  A scorpion (D:6)
  18 wights
  Dowan (D:7)
  9 howler monkeys
  6 electric eels
  3 hounds
  39 orc priests
  A bombardier beetle (D:6)
  A jelly (D:6)
  Jessica (D:2)
  2 sleepcaps
  3 iguanas
  28 orc wizards
  A polar bear simulacrum (Lair:4)
  4 wolf simulacra (Lair:4)
  A hound zombie (D:3)
  14 gnolls
  7 adders
  A shadow imp (D:6)
  3 white imps
  5 ufetubi
  An adder zombie (D:3)
  A dart slug (D:1)
  87 orcs
  14 ball pythons
  5 endoplasms
  13 giant cockroaches
  5 hobgoblins
  4 jackals (D:3)
  18 kobolds
  6 quokkas
  5 bats
  5 frilled lizards
  11 goblins
  3 rats
  12 boulders
624 creatures vanquished.

Vanquished Creatures (collateral kills)
  The ghost of Laraso the Bludgeoner, a journeyman OnCA of Ignis (Lair:3)
  A bunyip (Lair:3)
  Snorg (Lair:5)
  2 hydras (Lair:4)
  A boulder beetle (Spider:2)
  2 catoblepae (Lair:5)
  A two-headed ogre (D:11)
  4 death yaks
  A radroach (Spider:1)
  Urug (Lair:1)
  2 skysharks
  Nergalle (D:12)
  2 pharaoh ants (Spider:2)
  5 orc knights
  A steelbarb worm (Spider:2)
  A bog body (Swamp:1)
  An ugly thing (D:13)
  A cyclops (D:13)
  5 elephants (Lair:5)
  A cane toad (Lair:2)
  A torpor snail (Spider:2)
  Maggie (D:9)
  A kobold demonologist (D:12)
  A rime drake (Lair:3)
  3 komodo dragons
  A troll (Orc:2)
  The ghost of BigPumpCobain the Cudgeller, an amateur MiBe of Trog (D:3)
  2 tarantellas (Spider:2)
  A hornet (Lair:2)
  A blink frog (Lair:5)
  A jumping spider (Spider:1)
  A slime creature (D:13)
  2 culicivoras (Spider:2)
  15 yaks
  A wyvern (Lair:2)
  Grum (D:11)
  2 basilisks
  6 redbacks
  A water moccasin (Lair:2)
  8 orc warriors (Orc:2)
  4 wolves
  A centaur (D:13)
  A kobold brigand (D:12)
  2 bullfrogs
  A gnoll sergeant (D:11)
  An orc priest (Orc:2)
  2 orc wizards (Orc:2)
  2 gnolls (D:11)
  10 orcs
  2 kobolds (D:12)
  17 boulders
129 creatures vanquished.

Vanquished Creatures (others)
  A centaur warrior (D:13)
  An orc warrior (D:7)
  An orc priest (D:7)
  An iguana (D:7)
  2 orc wizards
  An orc (D:7)
  20 boulders
  7 foxfires
34 creatures vanquished.

Grand Total: 787 creatures vanquished

Notes
Turn   | Place    | Note
-------+----------+-------------------------------------------
     0 | D:1      | SolCadguy the Gargoyle Earth Elementalist began the quest
                  | for the Orb.
     0 | D:1      | Reached XP level 1. HP: 10/10 MP: 3/3
   301 | D:1      | Reached skill level 4 in Earth Magic
   403 | D:1      | Reached XP level 2. HP: 15/15 MP: 3/5
  1132 | D:2      | Reached skill level 5 in Earth Magic
  1132 | D:2      | Reached XP level 3. HP: 14/19 MP: 4/6
  1309 | D:2      | Found a hide-covered altar of Uskayaw.
  1368 | D:2      | Noticed Jessica
  1374 | D:2      | Killed Jessica
  1375 | D:2      | Reached skill level 6 in Earth Magic
  1375 | D:2      | Reached XP level 4. HP: 24/24 MP: 0/7
  1873 | D:2      | Reached XP level 5. HP: 28/28 MP: 3/8
  1921 | D:2      | Learned a level 3 spell: Passwall
  1925 | D:2      | Learned a level 3 spell: Stone Arrow
  2290 | D:3      | Found a runed translucent gate.
  2290 | D:3      | Found a runed translucent gate.
  2290 | D:3      | Found a runed translucent gate.
  2290 | D:3      | Noticed BigPumpCobain's ghost (amateur MiBe)
  2294 | D:3      | Found a basalt altar of Yredelemnul.
  2393 | D:3      | Found a glowing silver altar of Zin.
  2452 | D:3      | Found a snail-covered altar of Cheibriados.
  2761 | D:3      | Reached skill level 7 in Earth Magic
  3299 | D:4      | Noticed a black bear
  3311 | D:4      | Killed a black bear
  3312 | D:4      | Reached XP level 6. HP: 29/32 MP: 5/10
  3510 | D:4      | Reached skill level 1 in Conjurations
  3632 | D:4      | Reached skill level 8 in Earth Magic
  3632 | D:4      | Reached XP level 7. HP: 22/36 MP: 6/11
  3930 | D:4      | Learned a level 1 spell: Summon Small Mammal
  4140 | D:5      | Entered Level 5 of the Dungeon
  4175 | D:5      | Found a bloodstained altar of Trog.
  4255 | D:5      | Reached skill level 1 in Armour
  4697 | D:5      | Noticed Grinder
  4716 | D:5      | Killed Grinder
  4717 | D:5      | Reached skill level 1 in Maces & Flails
  4717 | D:5      | Reached skill level 9 in Earth Magic
  4717 | D:5      | Reached XP level 8. HP: 34/41 MP: 9/12
  5053 | D:5      | Learned a level 4 spell: Brom's Barrelling Boulder
  6456 | D:6      | Reached skill level 5 in Conjurations
  6691 | D:6      | Noticed Sigmund
  6715 | D:6      | Killed Sigmund
  6716 | D:6      | Reached XP level 9. HP: 45/45 MP: 9/13
  6725 | D:6      | Reached skill level 5 in Armour
  6875 | D:6      | Reached skill level 10 in Earth Magic
  6938 | D:6      | Identified the +3 great sword "Suwoer" {heavy, Int+3}
  7560 | D:7      | Noticed Pikel
  7571 | D:7      | Killed Pikel
  8298 | D:7      | Reached XP level 10. HP: 50/50 MP: 10/16
  8580 | D:7      | Noticed Dowan
  8583 | D:7      | Noticed Duvessa
  8592 | D:7      | Killed Dowan
  8602 | D:7      | Killed Duvessa
  8603 | D:7      | Reached skill level 11 in Earth Magic
  9439 | D:7      | Found a staircase to the Ecumenical Temple.
  9593 | Temple   | Entered the Ecumenical Temple
  9623 | Temple   | Became a worshipper of Vehumet
  9840 | D:8      | Reached skill level 5 in Spellcasting
  9843 | D:8      | Reached skill level 1 in Fighting
  9845 | D:8      | Found a stormy altar of Qazlal.
  9900 | D:8      | Found Arin's Armour Boutique.
 10194 | D:8      | Found Fogeumok's General Store.
 10273 | D:8      | Identified the +6 sling "Ox" {flame, rN+ Str+3}
 10282 | D:8      | Found Ecyziasi's Magic Scroll Shop.
 10290 | D:8      | Bought a scroll of noise for 13 gold pieces
 10358 | D:8      | Found Kewet's Magic Scroll Shoppe.
 10372 | D:8      | Found a staircase to the Lair.
 10399 | D:8      | Identified the +3 short sword of Past Mistakes {vamp, Fly
                  | rC+ Dex-3 Stlth+}
 10444 | D:8      | Found Goradd's Armour Shop.
 11220 | D:9      | Found a broken altar of Ashenzari.
 11345 | D:9      | Found a shimmering altar of Xom.
 11769 | D:9      | Reached * piety under Vehumet
 11769 | D:9      | Offered knowledge of Foxfire by Vehumet.
 12021 | D:9      | Noticed Maggie
 12040 | D:9      | Killed Maggie
 12041 | D:9      | Reached skill level 12 in Earth Magic
 12041 | D:9      | Reached XP level 11. HP: 61/61 MP: 18/20
 12142 | D:9      | Identified the ring of Dizenlur {^Contam rN+ Int+3 Dex+6}
 12645 | D:9      | Learned a level 1 spell: Foxfire
 12828 | D:10     | Entered Level 10 of the Dungeon
 13038 | D:10     | Reached skill level 1 in Fire Magic
 13077 | D:10     | Learned a level 5 spell: Lee's Rapid Deconstruction
 13380 | D:10     | Noticed Psyche
 13390 | D:10     | Killed Psyche
 13727 | D:10     | Learned a level 4 spell: Animate Armour
 13729 | D:11     | Noticed a boulder beetle
 13746 | D:10     | Killed a boulder beetle
 13747 | D:10     | Reached skill level 5 in Fighting
 13747 | D:10     | Reached skill level 1 in Summonings
 13978 | D:11     | Noticed a two-headed ogre
 13994 | D:11     | Killed a two-headed ogre
 14161 | D:11     | Reached ** piety under Vehumet
 14161 | D:11     | Offered knowledge of Static Discharge by Vehumet.
 14297 | D:11     | Noticed Grum
 14310 | D:11     | Killed Grum
 14656 | D:12     | Noticed Nergalle
 14664 | D:12     | Killed Nergalle
 14665 | D:12     | Reached skill level 1 in Alchemy
 14825 | D:12     | Noticed a white ugly thing
 14845 | D:12     | Killed a white ugly thing
 14948 | D:12     | Noticed a skeletal warrior
 14951 | D:12     | Noticed a tengu reaver
 14951 | D:12     | Noticed gribnar's ghost (journeyman MfIE)
 14951 | D:12     | Noticed a two-headed ogre
 14952 | D:12     | Found a runed translucent gate.
 14956 | D:12     | Found a runed translucent gate.
 14956 | D:12     | Found a runed translucent gate.
 14965 | D:12     | Noticed a boulder beetle
 15020 | D:12     | Killed a boulder beetle
 15294 | D:12     | Noticed a sixfirhy
 15305 | D:12     | Offered knowledge of Scorch by Vehumet.
 15424 | D:12     | Found Koigorut's General Store.
 15433 | D:12     | Bought a scroll of identify for 32 gold pieces
 15534 | D:11     | Identified 3 scrolls of acquirement
 15534 | D:11     | Acquired 833 gold pieces
 15565 | D:12     | Reached skill level 10 in Conjurations
 15565 | D:12     | Reached XP level 12. HP: 67/71 MP: 18/22
 15606 | D:12     | Noticed a two-headed ogre
 15612 | D:12     | Killed a two-headed ogre
 15700 | D:12     | Found a staircase to the Orcish Mines.
 15789 | D:12     | Reached skill level 13 in Earth Magic
 15891 | D:12     | Learned a level 3 spell: Dazzling Flash
 15934 | D:12     | Reached *** piety under Vehumet
 16668 | D:3      | Killed BigPumpCobain's ghost
 16847 | D:13     | Noticed a tengu warrior
 16849 | D:13     | Noticed a tengu warrior
 16871 | D:12     | Killed a tengu warrior
 16874 | D:12     | Killed a tengu warrior
 17195 | D:13     | Found a white marble altar of Elyvilon.
 17219 | D:13     | Noticed a sun demon
 17227 | D:13     | Reached skill level 5 in Summonings
 17262 | D:13     | Offered knowledge of Inner Flame by Vehumet.
 17616 | D:13     | Found a runed translucent door.
 17621 | D:13     | Noticed a crystal guardian
 17622 | D:13     | Noticed a yaktaur captain
 17622 | D:13     | Noticed a fire dragon
 17624 | D:13     | Noticed haplo13's ghost (journeyman MiFi)
 17625 | D:13     | Noticed a lich
 17630 | D:13     | Found a runed translucent door.
 17676 | D:13     | Noticed an entropy weaver
 17678 | D:13     | an entropy weaver changed into a human
 17680 | D:13     | Noticed a centaur warrior
 17827 | D:13     | Killed a centaur warrior
 18144 | D:13     | Reached skill level 14 in Earth Magic
 18638 | Lair:1   | Entered Level 1 of the Lair of Beasts
 18676 | Lair:1   | Identified the +0 pair of gloves "Joixzel" {rElec rF- rN++
                  | Str-2}
 18748 | Lair:1   | Noticed Urug
 18752 | Lair:1   | Reached XP level 13. HP: 79/79 MP: 17/24
 18757 | Lair:1   | Killed Urug
 19552 | Lair:1   | Learned a level 2 spell: Blink
 19998 | Lair:2   | Found a hole to the Spider Nest.
 20053 | Lair:2   | Reached skill level 1 in Translocations
 20618 | Lair:2   | Reached skill level 5 in Maces & Flails
 20618 | Lair:2   | Reached skill level 1 in Shields
 20654 | Lair:2   | Reached **** piety under Vehumet
 21197 | Lair:3   | Found a runed translucent gate.
 21197 | Lair:3   | Found a runed translucent gate.
 21199 | Lair:3   | Noticed Laraso's ghost (journeyman OnCA)
 21209 | Lair:3   | Found a runed translucent gate.
 21373 | Lair:3   | Offered knowledge of Frozen Ramparts by Vehumet.
 21449 | Lair:3   | Found a staircase to the Swamp.
 22583 | Lair:4   | Found a staircase to the Slime Pits.
 22774 | Lair:4   | Gained mutation: Your large and strong wings let you fly.
                  | [Gargoyle growth]
 22774 | Lair:4   | Reached XP level 14. HP: 69/87 MP: 3/26
 23008 | Lair:4   | Reached skill level 5 in Shields
 23672 | Lair:5   | Entered Level 5 of the Lair of Beasts
 23735 | Lair:5   | Reached skill level 10 in Fighting
 23803 | Lair:5   | Noticed Snorg
 23810 | Lair:5   | Killed Snorg
 24451 | Lair:5   | Reached ***** piety under Vehumet
 24628 | Lair:5   | Offered knowledge of Orb of Destruction by Vehumet.
 26371 | Lair:5   | Identified the ring "Cojalom" {Wiz rPois Str+3}
 26818 | Lair:3   | Gained mutation: You have sharp toenails. [mutagenic glow]
 26942 | D:8      | Learned a level 6 spell: Starburst
 27030 | Orc:1    | Entered Level 1 of the Orcish Mines
 27041 | Orc:1    | Found Selien's Antique Weapon Shoppe.
 27206 | Orc:2    | Entered Level 2 of the Orcish Mines
 27849 | Orc:2    | Found Ataim's Alliterative Armaments.
 27875 | Orc:2    | Found a staircase to the Elven Halls.
 27976 | Orc:2    | Reached XP level 15. HP: 70/96 MP: 24/28
 27981 | Orc:2    | Offered knowledge of Flame Wave by Vehumet.
 28539 | Orc:2    | Reached skill level 10 in Spellcasting
 28640 | Orc:2    | Reached skill level 5 in Fire Magic
 29975 | Orc:2    | Found Esaufuat's Armour Shop.
 29975 | Orc:2    | Found Worchemy's General Store.
 29976 | Orc:2    | Found Filaw's Assorted Antiques.
 29976 | Orc:2    | Found Watiof's Jewellery Shop.
 30006 | Orc:2    | Bought a +0 cloak of willpower for 161 gold pieces
 30529 | Lair:3   | Killed Laraso's ghost
 30576 | Lair:3   | Identified the +2 hat of Terror {Rampage rF+}
 30665 | Lair:2   | Acquired 746 gold pieces
 30952 | Spider:1 | Entered Level 1 of the Spider Nest
 31177 | Swamp:1  | Entered Level 1 of the Swamp
 32934 | Spider:1 | Learned a level 4 spell: Flame Wave
 33774 | Spider:2 | Offered knowledge of Bombard by Vehumet.
 33894 | Spider:2 | Reached XP level 16. HP: 58/104 MP: 31/31
 33944 | Spider:2 | Upgraded the game from 0.31-a0-1522-g43313d8a59 to
                  | 0.31-a0-1549-g5ff9445e89
 34602 | Spider:3 | Mangled by a redback

Illustrated notes

Levels and vault maps discovered:
D:1:      roderic_dead_forest, layout_loops_corners, nicolae_hexahallways
D:2:      layout_loops_ring, basic_altar, dreamdust_wishing_well,
          grunt_ministairs_9, uniq_jessica
D:3:      minmay_roachtagon, layout_basic, cheibriados_altar_1,
          nicolae_yredelemnul_ghost_church, zin_statuary
D:4:      layout_loops_ring, serial_park_tiny_pond, chequers_mini_garden
D:5:      kennysheep_six_static_rooms, layout_basic,
          mainiacjoe_overflow_surrounded_room, hangedman_decor_growths,
          minmay_diced_spiral, uniq_grinder
D:6:      layout_rooms, uniq_sigmund
D:7:      layout_basic, lemuel_temple_firewalk_b, minmay_increasing_density,
          uniq_duvessa, uniq_pikel
D:8:      layout_basic, nicolae_qazlal_beasts_of_the_sky, dpeg_oklobed_lair,
          serial_shops, shop, shop, shop, shop_statue, shop,
          mainiacjoe_ossuary_entry_dusty_tomb
D:9:      layout_stronghold, cheibrodos_ashenzari_chains, xom_teletrap_fun,
          uniq_maggie
D:10:     layout_basic, uniq_psyche
D:11:     layout_roguey, uniq_grum
D:12:     layout_loops_corners, hiddenorc1_lemuel, serial_shops, shop,
          gammafunk_ghost_split, lemuel_flamethrower_3, uniq_nergalle
D:13:     layout_cross, muffindrake_ghost_dual_entry, elyvilon_altar_3
Temple:   bh_familiar_temple
Lair:1:   layout_cave_shapes, serial_bayou_lake_a, uniq_urug
Lair:2:   layout_regular_city, dummy_spider_entry, grunt_megastairs_4
Lair:3:   layout_cave_pods, minmay_swamp_entry_swarm, gammafunk_ghost_split,
          grunt_megastairs_5
Lair:4:   layout_small_grid, dpeg_slime_entry_enclosed,
          portal_ice_cave_entry_ice_simulacra, pdpol_lair_neglected_garden,
          serial_bayou_shore_b, serial_bayou_shore_a, lemuel_fruit_tree
Lair:5:   evilmike_catoblepas_cave, layout_cave_pods, lookout_lair_type,
          minmay_lair_oklob_items, grunt_megastairs_2, uniq_snorg
Swamp:1:  layout_basic_swamp, evilmike_swamp_ruin_house_6, swamp_pool_4,
          infiniplex_staircase_pool
Spider:1: layout_cave_pods, drop_trap, guppyfry_spider_mini_2
Spider:2: layout_spider_delve
Spider:3: gammafunk_boulding_lane
Orc:1:    layout_caves, serial_shops, shop
Orc:2:    st_orc_pillars, layout_caves, monkooky_shop_alliterative

Skill      XL: |  1  2  3  4  5  6  7  8  9 10 11 12 13 14 15 |
---------------+----------------------------------------------+-----
Earth Magic    | 4 5 6 7 8 9 10 12 14 | 14.4
Spellcasting   | 3 4 6 7 8 9 11 | 11.5
Conjurations   | 2 4 5 7 8 10 11 12 | 12.4
Armour         | 3 4 6 7 |  7.0
Maces & Flails | 1 3 6 9 |  9.3
Fighting       | 4 6 8 9 11 13 | 13.8
Fire Magic     | 2 4 7 |  7.4
Summonings     | 3 5 |  5.5
Alchemy        | 1 |  1.0
Translocations | 1 |  1.4
Shields        | 4 5 |  5.0
Dodging        | 3 |  3.0
Stealth        | |  2.1

Action                     |  1- 3 |  4- 6 |  7- 9 | 10-12 | 13-15 | 16-18 || total
---------------------------+-------+-------+-------+-------+-------+-------++-------
  Melee: Whip              |    22 |       |    40 |   143 |       |       ||   205
         Unarmed           |     1 |       |       |       |       |       ||     1
         Dagger            |       |    83 |   152 |   194 |   117 |    65 ||   611
         Punch             |       |       |     2 |     5 |     1 |       ||     8
         Flail             |       |       |       |       |   655 |       ||   655
   Fire: Sling             |       |       |       |    75 |    30 |       ||   105
  Throw: Dart              |       |     1 |    14 |    26 |    63 |    21 ||   125
   Cast: Sandblast         |    34 |    55 |    68 |    44 |    85 |     2 ||   288
         Stone Arrow       |       |     3 |    40 |   125 |   200 |     8 ||   376
         Passwall          |       |       |     1 |       |     5 |       ||     6
         Brom's Barrelling |       |       |     6 |    37 |    17 |     1 ||    61
         Summon Small Mamm |       |       |       |     1 |     2 |       ||     3
         Animate Armour    |       |       |       |    16 |    68 |     4 ||    88
         Lee's Rapid Decon |       |       |       |    18 |    43 |       ||    61
         Foxfire           |       |       |       |     4 |       |       ||     4
         Starburst         |       |       |       |       |    41 |     1 ||    42
         Blink             |       |       |       |       |     4 |       ||     4
         Dazzling Flash    |       |       |       |       |     2 |     2 ||     4
         Flame Wave        |       |       |       |       |     1 |       ||     1
  Evoke: Wand              |       |       |       |       |     4 |       ||     4
    Use: Scroll            |       |       |    11 |    20 |    10 |       ||    41
         Potion            |       |       |     4 |    12 |     6 |     1 ||    23
   Stab: Sleeping          |     2 |     1 |       |       |       |       ||     3
         Petrified         |       |       |       |       |     4 |       ||     4
         Distracted        |       |       |       |       |     2 |       ||     2
 Armour: Robe              |    22 |    78 |    16 |       |       |       ||   116
         Ring mail         |       |       |   187 |   141 |       |       ||   328
         Swamp dragon scal |       |       |       |   343 |  1003 |    98 ||  1444
  Dodge: Dodged            |    19 |    64 |   100 |   280 |   448 |    49 ||   960
  Block: Buckler           |       |       |       |       |   214 |    24 ||   238

Table legend: (Time is in decaauts)
 A = Elapsed time spent in this place.
 B = Non-inter-level travel time spent in this place.
 C = Inter-level travel time spent in this place.
 D = Time resting spent in this place.
 E = Time spent auto-exploring this place.
 F = Levels seen in this place.
 G = Mean time per level.
                   A        B        C        D        E       F      G
               +--------+--------+--------+--------+--------+-----+--------+
         Total |  34811 |  32118 |   2693 |   9779 |  15527 |  25 | 1392.4 |
       Dungeon |  19346 |  17723 |   1623 |   4901 |   9384 |  13 | 1488.2 |
        Temple |     59 |     31 |     28 |      0 |      0 |   1 |   59.0 |
          Lair |   9580 |   8757 |    823 |   3019 |   4080 |   5 | 1916.0 |
         Swamp |     12 |     12 |      0 |      0 |      0 |   1 |   12.0 |
   Spider Nest |   2545 |   2383 |    162 |    473 |   1329 |   3 |  848.3 |
  Orcish Mines |   3267 |   3210 |     57 |   1385 |    734 |   2 | 1633.5 |
               +--------+--------+--------+--------+--------+-----+--------+

Top non-repeatable levels by time:
    D:12: 2607 daAuts
  Lair:5: 2562 daAuts
  Lair:3: 2552 daAuts
     D:5: 2188 daAuts
   Orc:2: 1926 daAuts
     D:7: 1895 daAuts
  Lair:4: 1866 daAuts
     D:9: 1749 daAuts
     D:8: 1627 daAuts
Spider:1: 1480 daAuts
     D:6: 1457 daAuts
  Lair:2: 1419 daAuts
   Orc:1: 1341 daAuts
    D:13: 1261 daAuts
     D:4: 1220 daAuts
